 Dungeon Crawl Stone Soup version 0.29.1 (webtiles) character file.

Game seed: 14857154114366654678

1879 QueenGhuleh the Cudgeller (level 8, 0/102 (109) HPs)
             Began as a Minotaur Berserker on Sept 14, 2022.
             Was a Priest of Trog.
             Slain by a wight
             ... wielding a +0 short sword
              (7 damage)
             ... on level 7 of the Dungeon.
             The game lasted 00:10:10 (6138 turns).

QueenGhuleh the Cudgeller (Minotaur Berserker)      Turns: 6138, Time: 00:10:12

HP:   0/102 (109)   AC: 11    Str: 24    XL:     8   Next: 91%
MP:   7/7           EV:  9    Int:  4    God:    Trog [***...]
Gold: 334           SH:  0    Dex: 10    Spells: 7/7 levels left

rFire   + . .      SeeInvis .   x - +3 long sword (freeze)
rCold   . . .      Faith    .   (no shield)
rNeg    . . .      Spirit   .   q - +1 chain mail {rF+}
rPois   .          Reflect  .   (helmet restricted)
rElec   .          Harm     .   (no cloak)
rCorr   .          Rampage  .   (no gloves)
Will    .....                   (no boots)
Stlth   ..........              (no amulet)
HPRegen 0.27/turn               (no ring)
MPRegen 0.10/turn               (no ring)

@: berserking, drained, very quick
A: horns 2, retaliatory headbutt
a: Renounce Religion, Berserk, Trog's Hand


You were on level 7 of the Dungeon.
You worshipped Trog.
Trog was most pleased with you.
You visited 1 branch of the dungeon, and saw 7 of its levels.

You collected 334 gold pieces.

Inventory:

Hand Weapons
 x - a +3 long sword of freezing (weapon)
Missiles
 a - a throwing net (quivered)
Armour
 q - a +1 chain mail of fire resistance (worn)
Wands
 t - a wand of polymorph (6)
 w - a wand of iceblast (12)
Scrolls
 b - a scroll of summoning {unknown}
 d - 2 scrolls of immolation {unknown}
 e - 4 scrolls of teleportation {unknown}
 g - 4 scrolls of identify {unknown}
 j - a scroll of magic mapping {unknown}
 l - a scroll of fear {unknown}
 n - 2 scrolls of poison {unknown}
 r - a scroll of butterflies {unknown}
 s - a scroll of enchant armour {unknown}
Potions
 c - 2 potions of resistance {unknown}
 f - 3 potions of curing {unknown}
 h - 2 potions of magic {unknown}
 i - 2 potions of flight {unknown}
 k - 2 potions of invisibility {unknown}
 m - a potion of berserk rage {unknown}
 o - a potion of ambrosia {unknown}
 u - 2 potions of degeneration {unknown}


   Skills:
 + Level 7.5 Fighting
 + Level 5.5(7.4) Axes
 + Level 7.7(8.6) Maces & Flails
 + Level 7.6 Armour
 + Level 3.6 Dodging
 + Level 1.3 Stealth


You had 7 spell levels left.
You didn't know any spells.
Your spell library was empty.

Dungeon Overview and Level Annotations

Branches:
Dungeon (7/15)             Temple (0/1) D:6

Altars:

Shops:
D:1 ?   D:3 ?   D:4 [


Innate Abilities, Weirdness & Mutations

You have a pair of horns on your head.
You reflexively headbutt those who attack you in melee.


Message History

The wight closely misses you. You furiously retaliate!
You headbutt the wight, but do no damage.
You hit the wight.
The wight is moderately damaged.
You barely miss the wight. The wight hits you but does no damage.
You hit the wight but do no damage.
The wight is moderately damaged.
The wight barely misses you.
The wight hits you with a +3 morningstar!
The wight completely misses you.
You hit the wight. Your headbutt misses the wight.
The wight is heavily damaged.
The wight hits you but does no damage.
The wight hits you with a +3 morningstar.
You feel drained. The wight hits you but does no damage.
You barely miss the wight. Your headbutt misses the wight.
The wight is heavily damaged.
The wight hits you with a +5 mace.
The wight hits you with a +3 morningstar!
The wight hits you but does no damage.
Unknown command.
You hit the wight but do no damage.
The wight is heavily damaged.
The wight hits you with a +5 mace.
You feel drained. The wight barely misses you.
The wight hits you with a +3 morningstar!
You feel drained.
The wight hits you with a +3 morningstar!
* * * LOW HITPOINT WARNING * * *
The wight closely misses you.
The wight hits you with a +0 short sword.
* * * LOW HITPOINT WARNING * * *
A red film seems to cover your vision as you go berserk!
You feel yourself moving faster!
You feel mighty! The wight hits you with a +5 mace.
* * * LOW HITPOINT WARNING * * *
The wight hits you with a +3 morningstar!
* * * LOW HITPOINT WARNING * * *
The wight hits you with a +0 short sword!
You die...

# #. #. ......
#.# .#.#.# #.#
...... #.#
#.....# # #.#
....... ###.
#.##z....>.
...).##..@zz.....
.........z#.?...#
######<(.# ...##
##### ###


You could see 4 wights.

Vanquished Creatures
  Grinder (D:6)
  2 water moccasins (D:6)
  Duvessa (D:4)
  An ice beast (D:6)
  2 black bears
  An ogre (D:6)
  2 necrophages
  2 scorpions (D:6)
  A wight (D:6)
  Dowan (D:4)
  A howler monkey (D:6)
  A gnoll bouda (D:6)
  4 hounds
  2 jellies
  2 iguanas
  Natasha (thrice) (D:2)
  2 orc wizards (D:6)
  Terence (D:3)
  7 gnolls
  5 adders
  3 shadow imps
  A white imp (D:4)
  A worm (D:3)
  3 dart slugs
  13 orcs
  6 ball pythons
  4 bats
  3 endoplasms
  2 giant cockroaches (D:3)
  8 goblins
  6 hobgoblins
  6 kobolds
  6 quokkas
  4 frilled lizards
  2 rats
110 creatures vanquished.

Vanquished Creatures (others)
  A plant (D:2)
1 creature vanquished.

Grand Total: 111 creatures vanquished

Notes
Turn   | Place    | Note
-------+----------+-------------------------------------------
     0 | D:1      | QueenGhuleh the Minotaur Berserker began the quest for the
                  | Orb.
     0 | D:1      | Reached XP level 1. HP: 19/19 MP: 0/0
   241 | D:1      | Reached XP level 2. HP: 27/27 MP: 1/1
   355 | D:1      | Found a faded altar of an unknown god.
   357 | D:1      | Noticed a great orb of eyes
   358 | D:1      | Noticed a great orb of eyes
   358 | D:1      | Noticed a floating eye
   358 | D:1      | Noticed a golden eye
   439 | D:1      | Found Gucuoc's Magic Scroll Boutique.
  1079 | D:2      | Noticed Natasha
  1084 | D:2      | Killed Natasha
  1085 | D:2      | Reached XP level 3. HP: 30/35 MP: 2/2
  1327 | D:2      | Noticed Natasha
  1337 | D:2      | Killed Natasha
  1338 | D:2      | Reached skill level 5 in Fighting
  1338 | D:2      | Reached XP level 4. HP: 25/42 MP: 3/3
  1551 | D:2      | Noticed Natasha
  1558 | D:2      | Killed Natasha
  2023 | D:3      | Reached ** piety under Trog
  2253 | D:3      | Reached XP level 5. HP: 48/48 MP: 4/4
  2404 | D:3      | Noticed Terence
  2421 | D:3      | Killed Terence
  2564 | D:3      | Found Guruwn's Magic Scroll Shoppe.
  2859 | D:4      | Reached skill level 5 in Axes
  2983 | D:4      | Noticed Duvessa
  2984 | D:4      | Noticed Dowan
  2998 | D:4      | Killed Duvessa
  2999 | D:4      | Reached skill level 1 in Maces & Flails
  2999 | D:4      | Reached skill level 1 in Stealth
  2999 | D:4      | Reached XP level 6. HP: 18/57 MP: 5/5
  3000 | D:4      | Killed Dowan
  3467 | D:4      | Found Pymimadym's Antique Armour Shoppe.
  3675 | D:5      | Entered Level 5 of the Dungeon
  3746 | D:5      | Reached XP level 7. HP: 63/63 MP: 6/6
  4322 | D:6      | Reached skill level 5 in Armour
  4402 | D:6      | Found a staircase to the Ecumenical Temple.
  4470 | D:6      | Reached skill level 5 in Maces & Flails
  4637 | D:6      | Reached XP level 8. HP: 66/71 MP: 7/7
  4980 | D:6      | Reached *** piety under Trog
  5269 | D:6      | Noticed Grinder
  5287 | D:6      | Killed Grinder
  6138 | D:7      | Slain by a wight

Illustrated notes

Levels and vault maps discovered:
D:1:      eino_arrival_water_cross, layout_loops_corners,
          hellmonk_ecumenical_altar_watching_god, serial_shops, shop_fountains
D:2:      layout_basic, serial_bayou_ford_a, uniq_natasha
D:3:      layout_loops_ring, serial_shops, nicolae_lakefront_shop,
          minmay_unequal, uniq_terence
D:4:      layout_rooms, serial_shops, nicolae_square_shop,
          minmay_misc_feat_four_crosses, uniq_duvessa
D:5:      layout_basic
D:6:      layout_loops_ring, minmay_temple_entry_trees,
          hangedman_decor_opposing, minmay_quadrilaterals, uniq_grinder
D:7:      layout_rooms, hangedman_decor_peaks_small, minivault_1, st_stairs_10

Skill      XL: |  1  2  3  4  5  6  7  8 |
---------------+-------------------------+-----
Fighting       | 4 5 6 7 |  7.5
Axes           | 4 5 |  5.5
Dodging        | 3 |  3.6
Armour         | 3 4 5 7 |  7.6
Maces & Flails | 1 2 5 7 |  7.7
Stealth        | 1 |  1.3

Action                   |  1- 3 |  4- 6 |  7- 9 || total
-------------------------+-------+-------+-------++-------
Melee: Hand axe          |    47 |    57 |       ||   104
       Headbutt          |     5 |    21 |    18 ||    44
       Punch             |     1 |     1 |     3 ||     5
       Flail             |       |    64 |   144 ||   208
       Long sword        |       |       |     8 ||     8
Invok: Berserk           |       |     1 |     3 ||     4
Armor: Animal skin       |     8 |     1 |       ||     9
       Ring mail         |       |     9 |       ||     9
       Chain mail        |       |    40 |    81 ||   121
Dodge: Dodged            |    26 |    47 |    80 ||   153
